 Dungeon Crawl Stone Soup version 0.30-a0-782-ge64f9170bb (webtiles) character file.

Game seed: 2341140878391388138

26 theswoord the Cudgeller (level 2, 0/22 HPs)
             Began as a Demonspawn Gladiator on Feb 19, 2023.
             Slain by a rat (3 damage)
             ... on level 2 of the Dungeon.
             The game lasted 00:01:52 (799 turns).

theswoord the Cudgeller (Demonspawn Gladiator)       Turns: 799, Time: 00:01:52

Health: 0/22       AC:  4    Str: 14    XL:     2   Next: 89%
Magic:  2/2        EV: 12    Int:  9    God:
Gold:   26         SH:  0    Dex: 14    Spells: 1/1 levels left

rFire   . . .      SeeInvis .    a - +0 flail
rCold   . . .      Faith    .    (no shield)
rNeg    . . .      Spirit   .    b - +0 leather armour
rPois   .          Reflect  .    c - +0 helmet
rElec   .          Harm     .    (no cloak)
rCorr   .          Rampage  .    (no gloves)
Will    .....                    (no boots)
Stlth   +                        (no amulet)
HPRegen 0.23/turn                (no ring)
MPRegen 0.08/turn                (no ring)

@: no status effects
A: powered by pain 1
a: no special abilities


You were on level 2 of the Dungeon.
You visited 1 branch of the dungeon, and saw 2 of its levels.

You collected 26 gold pieces.

Inventory:

Hand Weapons
 a - a +0 flail (weapon)
Missiles
 d - 3 throwing nets (quivered)
 e - a javelin
Armour
 b - a +0 leather armour (worn)
 c - a +0 helmet (worn)
Scrolls
 i - a scroll of immolation {unknown}
 j - a scroll of identify {unknown}
Potions
 f - 3 potions of might {unknown}
 g - a potion of heal wounds {unknown}


   Skills:
 - Level 2.0 Fighting
 + Level 3.8 Maces & Flails
 - Level 1.7 Throwing
 - Level 2.6 Dodging


You had one spell level left.
You didn't know any spells.
Your spell library was empty.

Dungeon Overview and Level Annotations

Branches:
Dungeon (2/15)

Altars:

Shops:
D:1 :*([*


Innate Abilities, Weirdness & Mutations

You sometimes gain a little power by taking damage.


Message History

You hear a loud clanging noise!
It was a scroll of noise.
The adder hisses angrily.
You hear a shout!
You closely miss the rat. The rat bites you.
You hit the adder. The adder bites you. The rat barely misses you.
You closely miss the adder. The adder closely misses you.
The rat barely misses you. The adder misses you.
You barely miss the adder. The adder bites you. The rat barely misses you.
The adder bites you but does no damage. The rat bites you.
You closely miss the adder. The adder bites you but does no damage.
The rat barely misses you.
You barely miss the adder. The adder barely misses you.
The rat closely misses you. The adder bites you.
You closely miss the adder. The adder bites you but does no damage.
The rat closely misses you.
You hit the adder. The adder barely misses you. The rat closely misses you.
The adder barely misses you.
You barely miss the adder. The rat closely misses you.
The adder closely misses you. The adder bites you.
A rat comes into view.
The rat closely misses you.
You closely miss the adder. The adder barely misses you. The rat bites you.
You hit the adder.
You kill the adder!
The rat bites you.
* * * LOW HITPOINT WARNING * * *
You closely miss the rat.
The rat twitches its whiskers.
The rat bites you.
* * * LOW HITPOINT WARNING * * *
You closely miss the rat. The rat closely misses you. The rat bites you.
* * * LOW HITPOINT WARNING * * *
You hit the rat. The rat bites you.
* * * LOW HITPOINT WARNING * * *
You closely miss the rat. The rat bites you.
* * * LOW HITPOINT WARNING * * *
The rat closely misses you.
You closely miss the rat. The rat closely misses you. The rat misses you.
You barely miss the rat. The rat bites you.
You die...

#.# #.#.#
#.#.#.#.#
.#.#.#.# #.#.#.#
##.#.?.#
......##
#######.rr..#.##
........@†.....#
######<........
##...#..$# #####
###


You could see 2 rats.

Vanquished Creatures
  An adder (D:2)
  A dart slug (D:1)
  A ball python (D:1)
  An endoplasm (D:1)
  4 hobgoblins (D:1)
  2 goblins (D:1)
  4 kobolds (D:1)
  A rat (D:1)
15 creatures vanquished.

Notes
Turn   | Place    | Note
-------+----------+-------------------------------------------
     0 | D:1      | theswoord the Demonspawn Gladiator began the quest for the
                  | Orb.
     0 | D:1      | Reached XP level 1. HP: 16/16 MP: 1/1
    25 | D:1      | Found Facrucku's General Store.
   140 | D:1      | Reached skill level 3 in Maces & Flails
   220 | D:1      | Found Limy's Weapon Emporium.
   274 | D:1      | Found Taellacs's Antique Armour Boutique.
   326 | D:1      | Gained mutation: You sometimes gain a little power by
                  | taking damage. [demonic ancestry]
   326 | D:1      | Reached XP level 2. HP: 22/22 MP: 2/2
   358 | D:1      | Found Vesibaff's Book Shoppe.
   456 | D:1      | Found Areim's Assorted Antiques.
   799 | D:2      | Slain by a rat

Skill      XL: |  1 |
---------------+----+-----
Maces & Flails | 3 |  3.8
Fighting       | |  2.0
Throwing       | |  1.7
Dodging        | |  2.6

Action                     || total
---------------------------++-------
  Melee: Flail             ||    61
         Punch             ||     1
    Use: Scroll            ||     1
   Stab: Sleeping          ||     1
 Armour: Leather armour    ||    13
  Dodge: Dodged            ||    50

Levels and vault maps discovered:
D:1:      minmay_arrival_shattered_statue, layout_loops_ring, serial_shops,
          nicolae_shop_hallway_plus, nicolae_shop_hallway_plus,
          nicolae_shop_overgrown_old_shop, nicolae_shop_hallway_plus, shop,
          kennysheep_minor_cross, minmay_pentomino_q2
D:2:      layout_loops_ring, serial_co_window_serial, co_window_paths_b,
          co_window_corner_a, co_window_corner_a, co_window_of_opportunity_a,
          co_window_of_opportunity_a, co_window_paths_b,
          co_window_of_opportunity_c, co_window_of_opportunity_c,
          co_window_corner_b, co_window_corner_b, co_window_corner_b,
          co_window_broadway_b, glass_columns_a,
          shapermc_ecumenical_altar_totnotflames, serial_shops,
          nicolae_shop_trees, uniq_natasha
